[Event "Titled Tuesday Blitz June 28 Late 2022"]
[White "Terry, Renato"]
[Black "Pershin, Denis"]
[WhiteFideId "3803457"]
[BlackFideId "24165506"]
[WhiteElo "2577"]
[BlackElo "2275"]
[Result "1-0"]
[Round "08"]
[TimeControl "180+1"]
[Date "2022.06.28"]
[WhiteClock "0:02:00"]
[BlackClock "0:00:22"]

1. d4 Nf6 2. Bg5 d5 3. Bxf6 exf6 4. e3 Bd6 5. c4 dxc4 6. Bxc4 O-O 7. Nc3 c6 8. Nf3 Bg4 9. Qc2 Nd7 10. h3 Bh5 11. Nh4 Kh8 12. g4 Bg6 13. Nxg6+ hxg6 14. h4 b5 15. Bb3 a5 16. a4 Qe7 17. g5 c5 18. h5 c4 19. hxg6+ Kg8 20. Ba2 Bb4 21. axb5 Nb6 22. Qf5 fxg5 23. Rh8+ 1-0


[Site "https://www.chess.com"]

[Event "Titled Tuesday Blitz June 28 Late 2022"]
[White "Tologon tegin, Semetei"]
[Black "Tatarinov, Dmitry"]
[WhiteFideId "13800574"]
[BlackFideId "24160067"]
[WhiteElo "2174"]
[BlackElo "2302"]
[Result "0-1"]
[Round "08"]
[TimeControl "180+1"]
[Date "2022.06.28"]
[WhiteClock "0:00:07"]
[BlackClock "0:01:51"]

1. Nf3 d5 2. g3 Nf6 3. Bg2 e6 4. O-O Be7 5. b3 O-O 6. Bb2 c5 7. e3 Nc6 8. c4 d4 9. exd4 cxd4 10. Re1 Ne8 11. d3 f6 12. a3 a5 13. Nbd2 e5 14. Nh4 g5 15. Bd5+ Kg7 16. Ng2 Nc7 17. Be4 Ne6 18. f4 Nc5 19. fxg5 fxg5 20. Qh5 Nxe4 21. Nxe4 Bf5 22. Qe2 Bd7 23. Rf1 Bf5 24. Ne1 Qd7 25. Nc2 Bh3 26. Rxf8 Rxf8 27. Re1 h6 28. Bc1 Qf5 29. Bd2 Qf3 30. Qxf3 Rxf3 31. Nf2 Bf5 32. Rc1 Bxd3 33. Ne1 Rxf2 34. Kxf2 Bf5 35. b4 e4 36. b5 e3+ 37. Bxe3 dxe3+ 38. Kxe3 Bxa3 39. Ra1 Bc5+ 40. Ke2 Nd4+ 41. Kf1 b6 42. Rd1 Kf6 43. Nd3 Bxd3+ 44. Rxd3 a4 45. Ke1 a3 0-1


[Site "https://www.chess.com"]

[Event "Titled Tuesday Blitz June 28 Late 2022"]
[White "Tristan, Leonardo"]
[Black "Hua, Lefong"]
[WhiteFideId "113816"]
[BlackFideId "2602253"]
[WhiteElo "2404"]
[BlackElo "2597"]
[Result "0-1"]
[Round "08"]
[TimeControl "180+1"]
[Date "2022.06.28"]
[WhiteClock "0:00:02"]
[BlackClock "0:00:23"]

1. d4 Nf6 2. Nf3 g6 3. Bf4 Bg7 4. e3 O-O 5. Be2 d6 6. O-O c5 7. c3 b6 8. h3 Bb7 9. Bh2 a6 10. a4 Nbd7 11. Nbd2 Qc8 12. Qb3 Bc6 13. c4 cxd4 14. exd4 d5 15. Qa2 dxc4 16. Bxc4 Qb7 17. Rfe1 Nd5 18. Qa3 Rfe8 19. Ne5 Nxe5 20. Bxe5 b5 21. Bf1 bxa4 22. Nc4 Qb3 23. Qxb3 axb3 24. Na5 Bb5 25. Nxb3 Bxf1 26. Kxf1 Bxe5 27. Rxe5 e6 28. Nc5 Reb8 29. b3 a5 30. h4 h5 31. f3 Rb4 32. Rd1 Kg7 33. Kf2 Rc8 34. g4 Nf6 35. Kg3 Rd8 36. g5 Nd7 37. Nxd7 Rxd7 38. Rxa5 Rxb3 39. Kf4 Rc7 40. Ke5 Rxf3 41. Kd6 Rcc3 42. Ra7 Rf5 43. Ke7 Rh3 44. Ke8 Rxh4 45. Rc1 Rg4 46. Rcc7 Rgxg5 47. Rxf7+ Rxf7 48. Rxf7+ Kh6 49. Ke7 Rd5 50. Rf4 Kg5 51. Re4 Kf5 52. Rh4 e5 53. dxe5 Rxe5+ 54. Kf7 Kg5 55. Rh1 Rf5+ 56. Kg7 Rf4 57. Rg1+ Rg4 58. Rc1 Kh4 59. Kh6 Kg3 60. Rg1+ Kf3 61. Rf1+ Kg2 62. Ra1 h4 63. Ra2+ Kg3 64. Ra3+ Kf4 65. Ra4+ Kf5 66. Ra5+ Kf6 67. Ra6+ Kf7 68. Ra7+ Ke6 69. Ra6+ Kd5 70. Ra5+ Kc6 71. Ra6+ Kb5 72. Ra2 g5 73. Kh5 Rg3 74. Kg6 h3 75. Rh2 g4 76. Kf5 Rg2 77. Rh1 h2 78. Kf4 g3 79. Kf3 Rg1 80. Rxh2 gxh2 0-1


[Site "https://www.chess.com"]

[Event "Titled Tuesday Blitz June 28 Late 2022"]
[White "Vidonyak, Roman"]
[Black "Rosen, Eric"]
[WhiteFideId "14100622"]
[BlackFideId "2032562"]
[WhiteElo "2341"]
[BlackElo "2362"]
[Result "0-1"]
[Round "08"]
[TimeControl "180+1"]
[Date "2022.06.29"]
[WhiteClock "0:02:11"]
[BlackClock "0:02:18"]

1. d4 d5 2. c4 e6 3. Nc3 Nf6 4. cxd5 exd5 5. Bg5 c6 6. e3 Bd6 7. Bd3 h6 8. Bh4 O-O 9. Nge2 Re8 10. O-O Bxh2+ 11. Kxh2 Ng4+ 12. Kg3 g5 13. Bxg5 Qxg5 14. f4 Qh5 0-1


[Site "https://www.chess.com"]

[Event "Titled Tuesday Blitz June 28 Late 2022"]
[White "Vivas Zamora, Fabian Ernesto"]
[Black "Flynn, Jacob"]
[WhiteFideId "3902480"]
[BlackFideId "2509393"]
[WhiteElo "2014"]
[BlackElo "1896"]
[Result "1-0"]
[Round "08"]
[TimeControl "180+1"]
[Date "2022.06.29"]
[WhiteClock "0:01:21"]
[BlackClock "0:02:03"]

1. e4 e5 2. Nf3 Nc6 3. Bc4 Nf6 4. d4 exd4 5. e5 d5 6. Bb5 Ne4 7. Nxd4 Bd7 8. Bxc6 bxc6 9. O-O Bc5 10. f3 Ng5 11. f4 Ne4 12. Be3 Qb8 13. Nc3 Nxc3 14. bxc3 Bb6 15. f5 O-O 16. Qh5 c5 17. f6 gxf6 18. exf6 Kh8 19. Bh6 Rg8 20. Bg7+ Rxg7 21. fxg7+ 1-0


[Site "https://www.chess.com"]

[Event "Titled Tuesday Blitz June 28 Late 2022"]
[White "Yoo, Christopher Woojin"]
[Black "Ambartsumova, Karina"]
[WhiteFideId "30909694"]
[BlackFideId "4166299"]
[WhiteElo "2105"]
[BlackElo "2262"]
[Result "1-0"]
[Round "08"]
[TimeControl "180+1"]
[Date "2022.06.28"]
[WhiteClock "0:01:42"]
[BlackClock "0:00:54"]

1. e4 e5 2. Nf3 Nc6 3. Bc4 Bc5 4. b4 Bb6 5. a4 a6 6. O-O Nf6 7. d4 Nxd4 8. Nxe5 O-O 9. Nxf7 Rxf7 10. Bxf7+ Kxf7 11. e5 Ne8 12. Be3 Ne6 13. Bxb6 cxb6 14. f4 Qh4 15. Nc3 Kg8 16. Nd5 Qd8 17. f5 Ng5 18. f6 Nf7 19. Ne7+ Kh8 20. Qh5 Nxe5 21. Qxe5 Nxf6 22. Rxf6 d6 23. Qxd6 1-0


[Site "https://www.chess.com"]

[Event "Titled Tuesday Blitz June 28 Late 2022"]
[White "Yurasova, Daria"]
[Black "De Souza, Cristiano Gomes"]
[WhiteFideId "34146919"]
[BlackFideId "2151758"]
[WhiteElo "2021"]
[BlackElo "2068"]
[Result "1-0"]
[Round "08"]
[TimeControl "180+1"]
[Date "2022.06.29"]
[WhiteClock "0:01:21"]
[BlackClock "0:00:22"]

1. e4 c5 2. Nf3 d6 3. d4 cxd4 4. Nxd4 Nf6 5. Nc3 a6 6. h3 g6 7. g4 Bg7 8. Be3 O-O 9. Bg2 Nc6 10. Qd2 Bd7 11. O-O-O Nxd4 12. Bxd4 Bc6 13. f3 Qa5 14. h4 Rfc8 15. h5 b5 16. Kb1 b4 17. Nd5 Bxd5 18. exd5 Rab8 19. hxg6 hxg6 20. f4 Nxg4 21. Bxg7 Kxg7 22. Bh3 Nf6 23. Bxc8 Rxc8 24. Qh2 Nh5 25. f5 Rh8 26. fxg6 fxg6 27. Qe2 Qd8 28. Qg4 Qf8 29. Rdg1 Qf7 30. Rxh5 Rxh5 31. Qxh5 1-0


[Site "https://www.chess.com"]

[Event "Titled Tuesday Blitz June 28 Late 2022"]
[White "Zhigalko, Sergei"]
[Black "Xiong, Jeffery"]
[WhiteFideId "13502956"]
[BlackFideId "2047640"]
[WhiteElo "2662"]
[BlackElo "2714"]
[Result "0-1"]
[Round "08"]
[TimeControl "180+1"]
[Date "2022.06.28"]
[WhiteClock "0:00:02"]
[BlackClock "0:00:03"]

1. e4 e6 2. d4 d5 3. e5 c5 4. c3 Ne7 5. Nf3 Nec6 6. Bd3 b6 7. O-O Ba6 8. Bxa6 Nxa6 9. Re1 Be7 10. Nbd2 Nc7 11. Nf1 f6 12. exf6 gxf6 13. Bf4 Bd6 14. Bg3 Qd7 15. Ne3 O-O-O 16. Qa4 Kb7 17. dxc5 Bxc5 18. Qh4 Rdf8 19. Rad1 Bxe3 20. fxe3 e5 21. e4 Qf7 22. exd5 Nxd5 23. Qe4 Rd8 24. c4 Nde7 25. b4 Qg6 26. Qe2 Nxb4 27. c5 Nec6 28. cxb6 axb6 29. Bf2 Qc2 30. Rb1 Qxe2 31. Rxe2 Ra8 32. Reb2 Rhd8 33. h3 Rxa2 34. Rxa2 Nxa2 35. Rxb6+ Kc7 36. Ra6 Rd1+ 37. Kh2 Nab4 38. Ra4 Kd6 39. Be1 Nd3 40. Bg3 f5 41. Nd4 f4 42. Nf5+ Ke6 43. Ng7+ Kf7 44. Bxf4 Kxg7 45. Be3 Re1 46. Bd2 Re2 47. Bc3 Kf7 48. Rc4 Ne7 49. Rh4 Kg6 50. Rg4+ Kf7 51. Rh4 Kg7 52. Rg4+ Ng6 53. h4 Nf4 54. Kh1 h5 55. Rg5 Kf6 56. g3 Nd5 57. Ba5 Ra2 58. Bd8+ Kf7 59. Rxh5 Ne3 60. Rh7+ Ke6 61. Bg5 Ra1+ 62. Kh2 Ng4+ 63. Kh3 Nf2+ 64. Kg2 Ra2 65. Kf3 e4+ 66. Ke3 Ne5 67. Rh6+ Kd5 68. Rh8 Nfg4+ 69. Kf4 Rf2# 0-1


[Site "https://www.chess.com"]

[Event "Titled Tuesday Blitz June 28 Late 2022"]
[White "Andreikin, Dmitry"]
[Black "Matlakov, Maxim"]
[WhiteFideId "4158814"]
[BlackFideId "4168003"]
[WhiteElo "2736"]
[BlackElo "2669"]
[Result "1-0"]
[Round "09"]
[TimeControl "180+1"]
[Date "2022.06.28"]
[WhiteClock "0:00:09"]
[BlackClock "0:00:03"]

1. d4 d5 2. c4 c6 3. Nf3 Nf6 4. Qc2 g6 5. cxd5 cxd5 6. Bf4 Nc6 7. Nc3 Bf5 8. Qb3 Na5 9. Qa4+ Bd7 10. Qd1 Rc8 11. e3 Bg7 12. Ne5 O-O 13. Bd3 Nh5 14. Bg5 Be6 15. Bh4 Nc4 16. Nxc4 dxc4 17. Be4 b5 18. Nxb5 Rb8 19. Nc3 Rxb2 20. Qc1 Rb8 21. O-O Nf6 22. Qa3 Re8 23. Bc6 Bd7 24. Bf3 Bf5 25. Bg3 Rb6 26. Qxa7 Rb2 27. a4 Bd3 28. Rfc1 e6 29. a5 Re7 30. Qc5 Bf8 31. a6 Rd7 32. Qa5 Qxa5 33. Rxa5 Ra7 34. Nb5 Rxb5 35. Rxb5 Rxa6 36. Rb8 Kg7 37. Rc8 g5 38. h3 Ba3 39. Ra1 Kg6 40. Be5 h6 41. g4 h5 42. gxh5+ Nxh5 43. Rg8+ Kh7 44. Rh8+ Kg6 45. Bxh5+ 1-0


[Site "https://www.chess.com"]

[Event "Titled Tuesday Blitz June 28 Late 2022"]
[White "Andrews, Todd"]
[Black "Mangialardo, Tiago Carvalho"]
[WhiteFideId "2012456"]
[BlackFideId "2130718"]
[WhiteElo "2362"]
[BlackElo "2052"]
[Result "1-0"]
[Round "09"]
[TimeControl "180+1"]
[Date "2022.06.29"]
[WhiteClock "0:02:04"]
[BlackClock "0:00:06"]

1. e4 e5 2. Nf3 Nc6 3. Bb5 a6 4. Ba4 Nf6 5. O-O Be7 6. Bxc6 dxc6 7. Qe1 Nd7 8. d4 Bf6 9. c3 O-O 10. b3 Re8 11. Bb2 exd4 12. cxd4 Nf8 13. Nbd2 Ng6 14. e5 Be7 15. Qe4 Be6 16. h4 Nxh4 17. Nxh4 Bxh4 18. f4 Bd5 19. Qe3 f6 20. f5 fxe5 21. dxe5 Bxg2 22. Kxg2 Bg5 23. Rf4 h6 24. Raf1 Qd5+ 25. Ne4 Rad8 26. e6 Bxf4 27. Rxf4 Qd3 28. Qxd3 Rxd3 29. Rg4 1-0


[Site "https://www.chess.com"]

[Event "Titled Tuesday Blitz June 28 Late 2022"]
[White "Arnold, Ken"]
[Black "Simonovic, Miroslav"]
[WhiteFideId "2056836"]
[BlackFideId "919152"]
[WhiteElo "2260"]
[BlackElo "2043"]
[Result "0-1"]
[Round "09"]
[TimeControl "180+1"]
[Date "2022.06.29"]
[WhiteClock "0:00:03"]
[BlackClock "0:00:09"]

1. d4 Nf6 2. c4 c5 3. d5 b5 4. Nc3 bxc4 5. e4 d6 6. Bxc4 Nbd7 7. Nge2 g6 8. O-O Bg7 9. Kh1 O-O 10. f4 Nb6 11. Qd3 Nxc4 12. Qxc4 Nd7 13. Be3 Qb6 14. Na4 Qb4 15. Qxb4 cxb4 16. Rac1 Ba6 17. Rfe1 Rfc8 18. Nd4 Nc5 19. Nxc5 dxc5 20. Nc6 Bxb2 21. Nxe7+ Kg7 22. Rxc5 Rxc5 23. Bxc5 Bc3 24. Rb1 Bd3 25. Bxb4 Bxb1 26. Bxc3+ Kf8 27. Bf6 Bxe4 28. d6 Rb8 29. h4 Rb1+ 30. Kh2 Rd1 31. Nc8 Bb7 32. Be7+ Ke8 33. Nxa7 Rd2 34. a4 Rxg2+ 35. Kh3 Ra2 36. Nb5 Rxa4 37. Nc7+ Kd7 38. Kg4 h5+ 39. Kg5 Ra5+ 40. Kf6 Rf5+ 41. Kg7 Rxf4 42. Kf8 f6 43. Ne8 Bc8 44. Nxf6+ Kc6 45. Ke8 Rxh4 46. d7 Bxd7+ 47. Nxd7 Re4 48. Nf6 Re1 49. Kf7 h4 50. Kxg6 h3 0-1


[Site "https://www.chess.com"]

[Event "Titled Tuesday Blitz June 28 Late 2022"]
[White "Bayo Milagro, Alvaro"]
[Black "Souleidis, Georgios"]
[WhiteFideId "22275240"]
[BlackFideId "4206827"]
[WhiteElo "2270"]
[BlackElo "2401"]
[Result "1-0"]
[Round "09"]
[TimeControl "180+1"]
[Date "2022.06.28"]
[WhiteClock "0:00:22"]
[BlackClock "0:00:09"]

1. d4 Nf6 2. Nf3 g6 3. g3 Bg7 4. Bg2 O-O 5. O-O d6 6. c4 Nc6 7. Nc3 e5 8. dxe5 Nxe5 9. Nxe5 dxe5 10. Qxd8 Rxd8 11. Bg5 Rd7 12. Rfd1 c6 13. Rxd7 Bxd7 14. Rd1 Be6 15. b3 h6 16. Bxf6 Bxf6 17. h3 Be7 18. g4 Rd8 19. Rxd8+ Bxd8 20. e3 f5 21. gxf5 gxf5 22. Kf1 Be7 23. Ke2 Kf7 24. f4 e4 25. Kd2 Bf6 26. Ne2 c5 27. Nc3 Ke7 28. Bf1 a6 29. Be2 Kd6 30. Bh5 Bd7 31. Bg6 b5 32. Ne2 Bh4 33. Nc3 b4 34. Nd1 a5 35. Nb2 Bf6 36. Na4 Be7 37. Nb6 Be6 38. Bh7 Bd8 39. Na4 Bd7 40. Nb2 Ke6 41. Nd1 Bh4 42. Ke2 Kf6 43. Bg8 Be8 44. Kd2 Bh5 45. Nb2 Ke7 46. Na4 Bf6 47. Nxc5 Bc3+ 48. Kc2 Bf3 49. Bh7 Kf6 50. Nd7+ Ke6 51. Nb6 Bg2 52. c5 Bxh3 53. Bg8+ Ke7 54. Nd5+ Kd8 55. c6 1-0


[Site "https://www.chess.com"]

[Event "Titled Tuesday Blitz June 28 Late 2022"]
[White "Berant"]
[Black "Jorajuria Mendoza, Algol"]
[BlackFideId "5128897"]
[WhiteElo "2524"]
[BlackElo "1600"]
[Result "1-0"]
[Round "09"]
[TimeControl "180+1"]
[Date "2022.06.28"]
[WhiteClock "0:01:16"]
[BlackClock "0:00:01"]

1. e4 c5 2. Nf3 Nc6 3. d4 cxd4 4. Nxd4 Nf6 5. Nc3 e5 6. Ndb5 d6 7. Bg5 a6 8. Na3 b5 9. Nd5 Be7 10. Bxf6 Bxf6 11. c3 O-O 12. Nc2 Be6 13. Nce3 Ne7 14. a4 bxa4 15. Rxa4 a5 16. Bc4 Bg5 17. O-O Kh8 18. Nxe7 Bxe3 19. Nd5 Bc5 20. b4 Bb6 21. Nxb6 Qxb6 22. bxa5 Qc5 23. Bxe6 fxe6 24. a6 Rad8 25. a7 Ra8 26. Qa1 Rf7 27. Qa2 Rfxa7 28. Rxa7 Rxa7 29. Qxe6 h6 30. Qb3 Ra3 31. Qb8+ Kh7 32. h4 Rxc3 33. h5 Rc2 34. Qe8 Qc8 35. Qg6+ Kg8 36. Qxd6 Qg4 37. Qxe5 Re2 38. Qd5+ Kh7 39. e5 Qf5 40. f4 Re4 41. Qd3 Rxf4 42. Qxf5+ 1-0


[Site "https://www.chess.com"]

[Event "Titled Tuesday Blitz June 28 Late 2022"]
[White "Bjelobrk, Igor"]
[Black "Le Hetet, Nicolas"]
[WhiteFideId "4300726"]
[BlackFideId "634824"]
[WhiteElo "2335"]
[BlackElo "2358"]
[Result "1-0"]
[Round "09"]
[TimeControl "180+1"]
[Date "2022.06.28"]
[WhiteClock "0:00:06"]
[BlackClock "0:00:22"]

1. c4 c6 2. Nf3 d5 3. d4 Nf6 4. Qc2 Bg4 5. Ne5 Bh5 6. cxd5 cxd5 7. Bf4 e6 8. e3 Be7 9. Bb5+ Nbd7 10. Nc3 O-O 11. O-O Rc8 12. Rfc1 Nxe5 13. Bxe5 Ne4 14. Bd3 Bg6 15. Bxe4 Bxe4 16. Qb3 Bd6 17. Bxd6 Qxd6 18. Nxe4 dxe4 19. Qxb7 Rb8 20. Qxe4 Rxb2 21. a4 g6 22. g3 Rfb8 23. a5 Qb4 24. Qf3 Qe7 25. a6 Qd6 26. h4 Rd2 27. Rab1 Rxb1 28. Rxb1 Qxa6 29. Rb7 Rd1+ 30. Kh2 f5 31. Rc7 Qf1 32. Qa8# 1-0


[Site "https://www.chess.com"]

[Event "Titled Tuesday Blitz June 28 Late 2022"]
[White "Bolourchifard, Farzad"]
[Black "Hansen, Eric"]
[WhiteFideId "12510084"]
[BlackFideId "2606771"]
[WhiteElo "2317"]
[BlackElo "2568"]
[Result "0-1"]
[Round "09"]
[TimeControl "180+1"]
[Date "2022.06.28"]
[WhiteClock "0:00:04"]
[BlackClock "0:00:33"]

1. e4 b6 2. d4 Bb7 3. Bd3 g6 4. Nf3 Bg7 5. O-O e6 6. Bg5 Ne7 7. Re1 h6 8. Bh4 d6 9. a4 a6 10. c3 Nd7 11. Nbd2 g5 12. Bg3 Ng6 13. e5 d5 14. Qc2 Ne7 15. h3 c5 16. b4 Rc8 17. bxc5 bxc5 18. Qb2 Qc7 19. Reb1 Rb8 20. Qc1 Nf5 21. Bxf5 exf5 22. e6 f4 23. exd7+ Qxd7 24. Bh2 O-O 25. Rb6 Qc7 26. Rab1 Bc6 27. Rxa6 Rxb1 28. Qxb1 Rb8 29. Qc1 Bb7 30. Qf1 c4 31. Ra7 Qb6 32. Rxb7 Rxb7 33. g3 fxg3 34. Bxg3 Re7 35. Qa1 Qe6 36. Kg2 f5 37. Be5 g4 38. hxg4 fxg4 39. Nh2 Bxe5 40. dxe5 h5 41. a5 Ra7 42. f4 Qf5 43. Qb1 Qxb1 44. Nxb1 Rb7 45. Nd2 Rb2 46. Nf1 d4 47. a6 dxc3 48. a7 Ra2 0-1


[Site "https://www.chess.com"]

[Event "Titled Tuesday Blitz June 28 Late 2022"]
[White "Boruchovsky, Avital"]
[Black "Salem, A.R. Saleh"]
[WhiteFideId "2800055"]
[BlackFideId "9301348"]
[WhiteElo "2466"]
[BlackElo "2679"]
[Result "0-1"]
[Round "09"]
[TimeControl "180+1"]
[Date "2022.06.28"]
[WhiteClock "0:00:01"]
[BlackClock "0:00:11"]

1. e4 c5 2. Nf3 d6 3. Bb5+ Nd7 4. Ba4 Nf6 5. O-O e6 6. c4 Be7 7. Nc3 O-O 8. d4 cxd4 9. Nxd4 a6 10. Qe2 Qc7 11. h3 Ne5 12. Bb3 Bd7 13. f4 Nc6 14. Be3 Rfc8 15. Rac1 Na5 16. Bf2 Nxc4 17. e5 dxe5 18. fxe5 Ne8 19. Ne4 b5 20. Nf3 Qb7 21. Bc2 h6 22. Bb1 Bc6 23. b3 Na3 24. Bd3 b4 25. Nd4 Bd5 26. Rxc8 Qxc8 27. Be3 Nb5 28. Qh5 g6 29. Qxh6 Nxd4 30. Bxd4 Qd7 31. Nf6+ Nxf6 32. Bxg6 Bf8 33. Qg5 fxg6 34. exf6 Kf7 0-1


[Site "https://www.chess.com"]

[Event "Titled Tuesday Blitz June 28 Late 2022"]
[White "Brodowski, Piotr"]
[Black "Estrada Nieto, Julian"]
[WhiteFideId "1124480"]
[BlackFideId "5101018"]
[WhiteElo "2431"]
[BlackElo "2252"]
[Result "0-1"]
[Round "09"]
[TimeControl "180+1"]
[Date "2022.06.29"]
[WhiteClock "0:00:06"]
[BlackClock "0:00:27"]

1. c4 e5 2. Nc3 Nf6 3. Nf3 Nc6 4. g3 d5 5. cxd5 Nxd5 6. Bg2 Nb6 7. O-O Be7 8. d3 O-O 9. a4 a5 10. Be3 Be6 11. Bxb6 cxb6 12. Nb5 f5 13. Rc1 Bf6 14. b3 e4 15. dxe4 Qxd1 16. Rfxd1 Bxb3 17. exf5 Bxa4 18. Rd5 Nb4 19. Nc7 Nxd5 20. Nxd5 Rac8 21. Rb1 Bc6 22. Nxb6 Rcd8 23. Ne1 Rd2 24. e3 Rfd8 25. Bf3 Bxf3 26. Nxf3 Rd1+ 27. Rxd1 Rxd1+ 28. Kg2 Rb1 29. Nc4 a4 30. Nfd2 Rc1 31. e4 Bc3 32. e5 Bxd2 33. Nxd2 a3 34. e6 Kf8 0-1


[Site "https://www.chess.com"]

[Event "Titled Tuesday Blitz June 28 Late 2022"]
[White "Capp, Stephen"]
[Black "Kohler, Aran"]
[WhiteFideId "2027089"]
[BlackFideId "1002856"]
[WhiteElo "2154"]
[BlackElo "2270"]
[Result "0-1"]
[Round "09"]
[TimeControl "180+1"]
[Date "2022.06.29"]
[WhiteClock "0:00:04"]
[BlackClock "0:00:46"]

1. e4 e5 2. Nf3 Nc6 3. Bc4 Nf6 4. d4 exd4 5. e5 d5 6. Bb5 Ne4 7. Nxd4 Bd7 8. Bxc6 bxc6 9. O-O Be7 10. f3 Nc5 11. Nd2 Ne6 12. Nf5 Bc5+ 13. Kh1 O-O 14. Nb3 Bb6 15. f4 Nc5 16. Ng3 Ne4 17. Nxe4 dxe4 18. f5 e3 19. f6 Be6 20. Qf3 gxf6 21. exf6 Kh8 22. Bxe3 Bd5 23. Qh3 Rg8 24. Rf2 Bxe3 25. Qxe3 Rg6 26. Raf1 Qg8 27. Qh3 Re8 28. Nd4 Re4 29. Nf3 Rxf6 30. b3 Ref4 31. c4 Be6 32. Qh5 R6f5 33. Qh6 Rf6 34. Qh5 R4f5 35. Qh4 Rg6 0-1


[Site "https://www.chess.com"]

[Event "Titled Tuesday Blitz June 28 Late 2022"]
[White "Chen, Max"]
[Black "Navarrete Mendez, Gonzalo Alberto"]
[WhiteFideId "2622440"]
[BlackFideId "5106850"]
[WhiteElo "2493"]
[BlackElo "2261"]
[Result "0-1"]
[Round "09"]
[TimeControl "180+1"]
[Date "2022.06.28"]
[WhiteClock "0:00:10"]
[BlackClock "0:00:35"]

1. e4 e5 2. Nf3 Nc6 3. Bc4 Nf6 4. d3 Be7 5. O-O O-O 6. Nbd2 d5 7. exd5 Nxd5 8. Ne4 Bg4 9. h3 Bh5 10. Ng3 Bg6 11. Re1 Nb6 12. Bb5 f6 13. Bxc6 bxc6 14. Nh4 Bf7 15. Nhf5 Kh8 16. Qg4 Rg8 17. Nxe7 Qxe7 18. Bd2 Be6 19. Qh4 Qf7 20. Ne4 Nd5 21. c3 Rad8 22. d4 Ne7 23. Nc5 Bd5 24. dxe5 Ng6 25. Qh5 Nxe5 26. Qxf7 Bxf7 27. Bf4 Nc4 28. b3 Nd6 29. Re7 Bd5 30. Rxc7 Nb5 31. Rb7 Nxc3 32. Rxa7 Ne2+ 33. Kf1 Nxf4 34. g3 Nxh3 35. a4 Ng5 36. a5 Ne4 37. Rd1 Nxc5 0-1


[Site "https://www.chess.com"]

[Event "Titled Tuesday Blitz June 28 Late 2022"]
[White "Chernomordik, Pavel"]
[Black "Desideri, Ricardo Maruchi"]
[WhiteFideId "2804530"]
[BlackFideId "2110440"]
[WhiteElo "2220"]
[BlackElo "1945"]
[Result "1-0"]
[Round "09"]
[TimeControl "180+1"]
[Date "2022.06.29"]
[WhiteClock "0:00:16"]
[BlackClock "0:00:01"]

1. e4 c5 2. Nc3 d6 3. f4 g6 4. Nf3 Bg7 5. Bb5+ Nd7 6. O-O a6 7. Be2 b5 8. d3 Bb7 9. Be3 e5 10. f5 Ngf6 11. h3 O-O 12. Qd2 Re8 13. Bh6 Bh8 14. Ng5 Qc7 15. g4 d5 16. exd5 Nxd5 17. Nxf7 Kxf7 18. fxg6+ Kg8 19. Qg5 Qd8 20. gxh7+ Kxh7 21. Qh5 N7f6 22. Qh4 Kg8 23. Bg5 Nf4 24. Bf3 Bxf3 25. Rxf3 Ra7 26. Ne4 Rh7 27. Qe1 Qd4+ 28. Kh2 Nxe4 29. dxe4 Qxb2 30. Rd1 Qxc2+ 31. Rd2 Qc4 32. h4 Bg7 33. Rd7 Bf8 34. Rxh7 Kxh7 35. Qd1 Qd4 36. Qb3 c4 37. Qc2 Bh6 38. Bxh6 Kxh6 39. Rg3 Rd8 40. g5+ Kg6 41. h5+ Nxh5 42. Rg2 Qd3 43. Qf2 1-0


[Site "https://www.chess.com"]

[Event "Titled Tuesday Blitz June 28 Late 2022"]
[White "Clarke, Brandon G I"]
[Black "Paravyan, David"]
[WhiteFideId "400319"]
[BlackFideId "4194985"]
[WhiteElo "2414"]
[BlackElo "2569"]
[Result "0-1"]
[Round "09"]
[TimeControl "180+1"]
[Date "2022.06.28"]
[WhiteClock "0:00:03"]
[BlackClock "0:00:03"]

1. e4 e5 2. Nf3 Nf6 3. Nxe5 d6 4. Nf3 Nxe4 5. d4 d5 6. Bd3 Bd6 7. O-O O-O 8. c4 c6 9. Nc3 Nxc3 10. bxc3 dxc4 11. Bxc4 Bg4 12. h3 Bh5 13. g4 Bg6 14. Ne5 b5 15. Nxg6 hxg6 16. Bb3 Nd7 17. Qf3 Rc8 18. Bd2 a5 19. a4 bxa4 20. Bxa4 c5 21. Bxd7 Qxd7 22. Rxa5 cxd4 23. cxd4 Bc7 24. Rd5 Qa4 25. Kg2 Rcd8 26. Be3 Qb3 27. Rxd8 Rxd8 28. Rd1 Bb6 29. d5 Bxe3 30. fxe3 Qc2+ 31. Kg3 f5 32. d6 Kh7 33. gxf5 gxf5 34. Rd4 Qb1 35. Qf2 Rd7 36. Rd5 g6 37. Rd4 Kg7 38. h4 Kf6 39. e4 Ke5 40. exf5 gxf5 41. Qe3+ Kf6 42. Rd5 Rg7+ 43. Kh2 Kf7 44. Rd2 Qb8 45. Qe7+ Kg8 46. Qe6+ Kh8 47. Qxf5 Qd8 48. Qh5+ Kg8 49. Qd5+ Kh8 50. Qd4 Kh7 51. Qe4+ Kh8 52. d7 Qc7+ 53. Kh1 Qc1+ 54. Kh2 Qxd2+ 55. Kh3 Qxd7+ 56. Kh2 Qd2+ 57. Kh3 Qc3+ 58. Kh2 Qg3+ 0-1


[Site "https://www.chess.com"]

[Event "Titled Tuesday Blitz June 28 Late 2022"]
[White "Colivet Gamboa, Julio Cesar"]
[Black "Florescu, Codrut-Constantin"]
[WhiteFideId "3949583"]
[BlackFideId "1202200"]
[WhiteElo "1743"]
[BlackElo "2191"]
[Result "0-1"]
[Round "09"]
[TimeControl "180+1"]
[Date "2022.06.29"]
[WhiteClock "0:01:42"]
[BlackClock "0:01:48"]

1. c4 e5 2. Nc3 Nc6 3. g3 d6 4. Bg2 Be6 5. d3 Qd7 6. e4 f5 7. Nge2 Nf6 8. Nd5 Be7 9. O-O O-O 10. f4 fxe4 11. dxe4 exf4 12. Nexf4 Bg4 13. Qd3 Ne5 14. Qc2 c6 15. Ne3 Bd8 16. Nxg4 Nfxg4 17. h3 Bb6+ 18. Kh1 Ne3 19. Bxe3 Bxe3 20. Rad1 Qe7 21. Qe2 Bc5 22. a3 a5 23. Kh2 a4 24. Nd3 Nxd3 25. Qxd3 Qe5 26. Qe2 Bd4 27. Rd2 Rxf1 28. Bxf1 Rf8 29. Qd3 c5 30. b4 axb3 31. Qxb3 Rxf1 0-1


[Site "https://www.chess.com"]

[Event "Titled Tuesday Blitz June 28 Late 2022"]
[White "Curtis, John"]
[Black "Silvestre, Christian"]
[WhiteFideId "3200256"]
[BlackFideId "30956269"]
[WhiteElo "2203"]
[BlackElo "2343"]
[Result "0-1"]
[Round "09"]
[TimeControl "180+1"]
[Date "2022.06.29"]
[WhiteClock "0:00:49"]
[BlackClock "0:00:54"]

1. d4 Nf6 2. c4 d6 3. Nc3 g6 4. e4 Bg7 5. f3 O-O 6. Be3 c6 7. Qd2 a6 8. Bd3 b5 9. b3 e5 10. d5 bxc4 11. Bxc4 c5 12. Nge2 Nbd7 13. O-O Bb7 14. a4 h5 15. a5 Kh7 16. Bg5 Qc7 17. Rfb1 Ng8 18. Nd1 Bh6 19. Bxh6 Nxh6 20. Nf2 f5 21. Nc3 f4 22. Nd3 g5 23. Kf2 g4 24. Ke2 Rg8 25. Kd1 Rg7 26. Kc2 Rag8 27. Rf1 gxf3 28. gxf3 Nf6 29. Rf2 Rg1 30. Ra2 Rh1 31. Ne2 h4 32. Ndxf4 exf4 33. Nxf4 Qe7 34. Ne6 Rgg1 35. Bd3 Kh8 36. Qxh6+ Nh7 37. f4 Qf6 38. e5 Qxh6 39. exd6 Rc1+ 40. Kb2 Qf6+ 41. Ka3 Nf8 42. f5 Qc3 43. Ka4 Qb4# 0-1


[Site "https://www.chess.com"]